 Dungeon Crawl Stone Soup version 0.31-a0-675-g238779eb0a (webtiles) character file.

Game seed: 842469210728314746

133 qw the Shooter (level 5, -5/32 HPs)
             Began as a Gargoyle Hunter on Sept 5, 2023.
             Slain by a gnoll
             ... wielding a +0 whip
              (6 damage)
             ... on level 3 of the Dungeon.
             The game lasted 00:00:56 (1710 turns).

qw the Shooter (Gargoyle Hunter)                    Turns: 1710, Time: 00:00:57

Health: -5/32      AC: 10    Str: 21    XL:     5   Next: 16%
Magic:  5/5        EV: 11    Int:  9    God:
Gold:   118        SH:  0    Dex: 21    Spells: 4/4 levels left

rFire   . . .        Y - +2 shortbow
rCold   . . .        (shield currently unavailable)
rNeg    + . .        l - +0 ring mail
rPois   inf          (no helmet)
rElec   +            (no cloak)
rCorr   .            (no gloves)
SInv    .            e - +0 pair of boots
Will    .....        (no amulet)
Stlth   +            g - +6 ring of dexterity
HPRegen 0.25/turn    o - +6 ring of strength
MPRegen 0.09/turn

%: no passive effects
@: about to teleport
A: sickness immunity, AC +4, negative energy resistance 1, electricity
resistance, torment resistance 1, petrification resistance
a: no special abilities


You were on level 3 of the Dungeon.
You visited 1 branch of the dungeon, and saw 4 of its levels.

You collected 118 gold pieces.


Innate Abilities, Weirdness & Mutations

You are immune to sickness and miasma.
Your stone body is resilient. (AC +4)
You are immune to poison.
You resist negative energy. (rN+)
You are resistant to electric shocks. (rElec)
You are resistant to unholy torment.
You are immune to petrification.


   Skills:
 - Level 3.0 Fighting
 + Level 5.7 Ranged Weapons
 - Level 1.6 Armour
 - Level 1.5 Dodging
 - Level 1.1 Stealth


You had 4 spell levels left.
You didn't know any spells.
Your spell library was empty.

Inventory:

Hand Weapons
 Y - a +2 shortbow (weapon)
Armour
 e - a +0 pair of boots (worn)
 l - a +0 ring mail (worn)
Jewellery
 g - a +6 ring of dexterity (left hand)
 o - a +6 ring of strength (right hand)
Scrolls
 i - a scroll of identify
Potions
 a - a potion of curing {unknown}
 d - a potion of mutation {unknown}
 f - a potion of might {unknown}
 k - a potion of lignification {unknown}
 m - a potion of degeneration {unknown}
 n - a potion of heal wounds {unknown}

Dungeon Overview and Level Annotations

Branches:
Dungeon (4/15)
 Temple: D:4-7

Altars:
Makhleb
Sif Muna
Uskayaw
Yredelemnul

Annotations:
D:3 1 runed translucent door


Message History

You shoot an arrow. The arrow closely misses the gnoll.
The gnoll barely misses you.
You shoot an arrow. The arrow hits the gnoll.
The gnoll is severely wounded.
The gnoll completely misses you.
You shoot an arrow. The arrow hits the gnoll.
You kill the gnoll!
Done exploring.
What level of the Dungeon? (default 4, ? - help)
You climb downwards.
The gnoll barely misses you. The gnoll closely misses you.
The gnoll hits you with a +0 flail!
There is a stone staircase leading up here.
1702 ||| STAIRDANCE The gnoll hits you but does no damage. x2; The gnoll closely misses you.
You climb upwards.
Level annotation: 1 runed translucent door
There is a stone staircase leading down here.
You shoot an arrow. The arrow hits the gnoll.
The gnoll is moderately wounded.
The gnoll barely misses you. The gnoll hits you but does no damage.
You shoot an arrow. The arrow hits the gnoll.
The gnoll is heavily wounded.
The gnoll barely misses you. The gnoll hits you with a +0 flail.
The gnoll hits you but does no damage. x2
You shoot an arrow. The arrow hits the gnoll.
The gnoll is severely wounded.
The gnoll hits you with a +0 whip. The gnoll barely misses you.
You shoot an arrow. The arrow closely misses the gnoll.
The gnoll closely misses you. The gnoll barely misses you.
You shoot an arrow. The arrow hits the gnoll.
The gnoll is almost dead.
The gnoll hits you with a +0 whip. The gnoll hits you with a +0 flail!
1709 ||| READING scroll of teleportation.
As you read the scroll of teleportation, it crumbles to dust.
You feel strangely unstable. The gnoll hits you with a +0 whip.
The gnoll hits you with a +0 flail.
You shoot an arrow. The arrow hits the gnoll!
You kill the gnoll!
The gnoll hits you with a +0 whip.
You die...

##.####.####.##..#.##....#.######
##...........##....##....#.######
#######.#######............######
#######.#######..........########
..................###.#.........#
.##.##..#..#......# #.#..######.#
........#..#.##.#####.#...# #.#
######.........g......#.#.# #.#
##......>..@)........# #.#
####.....)..#####...# #.#
#........)# #.<.# #.# #.#.......#
#...# #.# #.#.......######..# #.#
#.#...............# #.#
#.#...............# #.#
#.#........#####.## #..
#.#..#.###.# #.# ###


You could see a gnoll.

Vanquished Creatures
  A human zombie (D:3)
  2 gnolls (D:3)
  2 worms (D:2)
  3 dart slugs (D:2)
  9 orcs (D:3)
  8 ball pythons
  4 endoplasms
  3 giant cockroaches
  5 goblins
  4 hobgoblins
  5 jackals
  5 kobolds
  5 quokkas
  6 bats (D:1)
  3 frilled lizards
  A jackal skeleton (D:3)
  8 rats
74 creatures vanquished.

Notes
Turn   | Place    | Note
-------+----------+-------------------------------------------
     0 | D:1      | qw the Gargoyle Hunter began the quest for the Orb.
     0 | D:1      | Reached XP level 1. HP: 12/12 MP: 1/1
     0 | D:1      | 0 ||| qw: Version: 0.3-a-75-g829b12e
     0 | D:1      | 0 ||| qw: Game counter: 115
     0 | D:1      | 0 ||| qw: Melee chars always use a shield: true
     0 | D:1      | 0 ||| qw: God list: Okawaru
     0 | D:1      | 0 ||| qw: Allow faded altars: false
     0 | D:1      | 0 ||| qw: Do Orc after clearing Dungeon:15 true
     0 | D:1      | 0 ||| qw: Do second Lair branch before Depths: true
     0 | D:1      | 0 ||| qw: Lair rune preference: random
     0 | D:1      | 0 ||| qw: Goals: Normal
     0 | D:1      | 0 ||| PLANNING D:1-11
    86 | D:1      | Reached XP level 2. HP: 17/17 MP: 2/2
   211 | D:1      | Found a faded altar of an unknown god.
   330 | D:1      | Reached XP level 3. HP: 21/21 MP: 3/3
   418 | D:1      | Reached skill level 5 in Ranged Weapons
   527 | D:1      | 527 ||| UPGRADING to +0 pair of boots.
   532 | D:1      | 532 ||| UPGRADING to +6 ring of dexterity.
   533 | D:1      | 533 ||| READING scroll labelled WYUNUR BICWARCH.
   534 | D:1      | 534 ||| READING scroll labelled QYS GUOGRETZ.
   539 | D:1      | 539 ||| READING scroll labelled IDALOL ZYDAYCA.
   540 | D:1      | 540 ||| DROPPING scroll of butterflies.
   673 | D:2      | 673 ||| FLEEEEING.
   739 | D:2      | Reached skill level 3 in Fighting
   794 | D:2      | Reached XP level 4. HP: 28/28 MP: 4/4
  1039 | D:2      | 1039 ||| UPGRADING to +0 ring mail.
  1049 | D:2      | 1049 ||| DROPPING +0 leather armour.
  1050 | D:2      | 1050 ||| UPGRADING to +6 ring of strength.
  1051 | D:2      | 1051 ||| READING scroll labelled ZIEREX DIKLE.
  1052 | D:2      | 1052 ||| READING 2 scrolls labelled YKLECED XUJ.
  1053 | D:2      | 1053 ||| READING scroll of enchant weapon.
  1053 | D:2      | 1053 ||| ENCHANTING +1 shortbow.
  1054 | D:2      | 1054 ||| READING 2 scrolls labelled ROFRUNOIMA.
  1111 | D:3      | Reached skill level 1 in Armour
  1139 | D:3      | Found a runed translucent door.
  1139 | D:3      | Noticed a human
  1141 | D:3      | Found a basalt altar of Yredelemnul.
  1425 | D:3      | Found a shimmering blue altar of Sif Muna.
  1427 | D:3      | Found a hide-covered altar of Uskayaw.
  1427 | D:3      | Found a burning altar of Makhleb.
  1559 | D:3      | Reached XP level 5. HP: 32/32 MP: 5/5
  1667 | D:3      | 1667 ||| READING scroll labelled PIJUOMMOCAS.
  1668 | D:3      | 1668 ||| READING 2 scrolls labelled RUYNOYSUCW.
  1669 | D:3      | 1669 ||| READING scroll labelled KAPLITA IDOLOX.
  1670 | D:3      | 1670 ||| DROPPING scroll of revelation.
  1695 | D:4      | 1695 ||| STAIRDANCE
  1702 | D:4      | 1702 ||| STAIRDANCE
  1708 | D:3      | HP: 5/32 [gnoll/+0 flail (8)]
  1709 | D:3      | 1709 ||| READING scroll of teleportation.
  1709 | D:3      | HP: 1/32 [gnoll/+0 flail (2)]
  1710 | D:3      | Slain by a gnoll

Levels and vault maps discovered:
D:1:      amcnicky_arrival_abandoned_market, layout_rooms,
          shapermc_ecumenical_altar_rom_forum, minmay_indecisive_spiral
D:2:      layout_basic, minmay_pentomino_p2
D:3:      layout_loops_ring, dk_yredelemnul_ordeal,
          chequers_temple_overflow_statue_of_worship, roderic_nine_men_s_morris
D:4:      black_bear_nest_2, layout_loops_corners, lemuel_doored_altar,
          lemuel_tele_altar, minmay_temple_entry_tees, nicolae_shop_self_help

Skill      XL: |  1  2  3  4 |
---------------+-------------+-----
Ranged Weapons | 5 |  5.7
Fighting       | 3 |  3.0
Armour         | 1 |  1.6
Dodging        | |  1.5
Stealth        | |  1.1

Action                     |  1- 3 |  4- 6 || total
---------------------------+-------+-------++-------
   Fire: Shortbow          |   111 |    82 ||   193
    Use: Scroll            |     3 |     8 ||    11
 Armour: Leather armour    |    24 |       ||    24
         Ring mail         |       |    21 ||    21
  Dodge: Dodged            |    26 |    18 ||    44

Table legend:
 A = Non-vault XP
 B = Vault XP
 C = Vault XP percentage of total XP
 D = Non-vault monster count
 E = Vault monster count
 F = Vault count percentage of total count
                 A         B        C        D         E       F
            +---------+---------+-------+---------+---------+-------
      Total |     153 |      51 |  25.0 |      66 |       8 |  10.8
            +---------+---------+-------+---------+---------+-------
        D:1 |      34 |       6 |  15.0 |      22 |       4 |  15.4
        D:2 |      50 |       4 |   7.4 |      25 |       2 |   7.4
        D:3 |      69 |      41 |  37.3 |      19 |       2 |   9.5
            +---------+---------+-------+---------+---------+-------
